 Dungeon Crawl Stone Soup version 0.29.1-2-gbd0b4ee654 (webtiles) character file.

Game seed: 15560992304850430195

23624 Rigoremortis the Severer (level 13, -15/118 HPs)
             Began as a Hill Orc Fighter on Nov 13, 2022.
             Was a High Priest of Beogh.
             Killed from afar by a deep elf zephyrmancer (25 damage)
             ... with a bolt of lightning
             ... on level 1 of the Elven Halls.
             The game lasted 01:02:30 (15940 turns).

Rigoremortis the Severer (Hill Orc Fighter)        Turns: 15940, Time: 01:02:33

Health: -15/118    AC: 25    Str: 34    XL:     13   Next: 7%
Magic:  14/14      EV:  9    Int:  8    God:    Beogh [*****.]
Gold:   1476       SH:  5    Dex: 10    Spells: 12/12 levels left

rFire   . . .      SeeInvis .   y - +9 hand axe "Asuxiw" {venom, Str+4}
rCold   . . .      Faith    .   c - +0 buckler
rNeg    . . .      Spirit   .   l - +3 plate armour
rPois   .          Reflect  .   Q - +0 helmet
rElec   .          Harm     .   C - +0 cloak
rCorr   .          Rampage  .   N - +0 pair of gloves
Will    .....                   g - +0 pair of boots
Stlth   ..........              (no amulet)
HPRegen 0.29/turn               f - ring of flight
MPRegen 0.14/turn               o - +6 ring of strength

@: flying
A: walk on water
a: Renounce Religion, Smiting, Recall Orcish Followers, Give Item to Named
Follower


You were on level 1 of the Elven Halls.
You worshipped Beogh.
Beogh was extremely pleased with you.
You visited 3 branches of the dungeon, and saw 14 of its levels.

You collected 1476 gold pieces.

Inventory:

Hand Weapons
 a - a +0 war axe
 y - the +9 hand axe "Asuxiw" (weapon) {venom, Str+4}
   (You found it on level 6 of the Dungeon)

   It poisons the flesh of those it strikes.
   Str:       It affects your strength (+4).
 H - the +3 trident of Ateir {freeze, rC+ Will+ Int+4}
   (You found it on level 7 of the Dungeon)

   It freezes those it strikes, dealing additional cold damage.
   It can also slow down cold-blooded creatures.
   Int:       It affects your intelligence (+4).
   rC:        It protects you from cold.
   Will:      It increases your willpower.
 M - a +3 broad axe of electrocution
Armour
 b - a +0 scale mail
 c - a +0 buckler (worn)
 g - a +0 pair of boots (worn)
 l - a +3 plate armour (worn)
 p - an orb of guile
 B - the +1 ring mail of Divine Compulsion {*Slow rPois rC++ Will+}
   (You found it on level 6 of the Dungeon)

   rC:        It greatly protects you from cold.
   rPois:     It protects you from poison.
   *Slow:     It may slow you when you take damage.
   Will:      It increases your willpower.
 C - a +0 cloak (worn)
 K - a +1 hat
 L - +0 steam dragon scales
 N - a +0 pair of gloves (worn)
 Q - a +0 helmet (worn)
Magical Staves
 m - a staff of poison
 I - a staff of death
Jewellery
 f - a ring of flight (left hand)
 j - the ring of Qoidoush {rF+ rCorr}
   (You found it on level 9 of the Dungeon)

   [ring of resist corrosion]

   rF:        It protects you from fire.
   rCorr:     It protects you from acid and corrosion.
 o - a +6 ring of strength (right hand)
 r - a ring of poison resistance
 F - a ring of wizardry
 J - a ring of protection from fire
Wands
 w - a wand of mindburst (25)
 x - a wand of roots (7)
 D - a wand of digging (5)
 G - a wand of light (6)
 O - a wand of paralysis (5)
Scrolls
 i - 11 scrolls of identify
 n - 5 scrolls of teleportation
 s - a scroll of magic mapping
 t - a scroll of vulnerability
 v - a scroll of noise
Potions
 d - 2 potions of might
 e - a potion of haste {unknown}
 h - 4 potions of curing
 k - a potion of degeneration {unknown}
 q - a potion of heal wounds
 u - a potion of resistance {unknown}
 z - 2 potions of lignification {unknown}
 A - 2 potions of mutation {unknown}
 E - a potion of cancellation {unknown}


   Skills:
 + Level 12.0 Fighting
 + Level 16.8 Axes
 + Level 13.6 Armour
 + Level 2.0 Dodging
 + Level 1.9 Stealth
 + Level 8.1 Shields
 + Level 2.2 Invocations


You had 12 spell levels left.
You didn't know any spells.
Your spell library contained the following spells:

 Spells                   Type           Power      Damage    Failure   Level
 Sublimation of Blood     Necr           0%         N/A       99%         2
 Petrify                  Tmut/Erth      0%         N/A       100%        4
 Alistair's Intoxication  Tmut/Pois      0%         N/A       100%        5
 Borgnjor's Vile Clutch   Necr/Erth      0%         N/A       100%        5
 Irradiate                Conj/Tmut      0%         3d11      100%        5
 Eringya's Noxious Bog    Tmut/Pois      0%         N/A       100%        6


Dungeon Overview and Level Annotations

Branches:
Dungeon (11/15)            Temple (0/1) D:4            Lair (0/5) D:11
    Orc (2/2) D:11            Elf (1/3) Orc:2

Altars:
Ashenzari
Cheibriados
Dithmenos
Gozag
Hepliaklqana
Kikubaaqudgha
Makhleb
Nemelex Xobeh
Okawaru
Sif Muna
Trog
Uskayaw
Wu Jian
Yredelemnul

Shops:
D:2 =   D:9 =   Orc:2 (:*!

Portals:
Pandemonium: Orc:2

Annotations:
Elf:1 1 runed translucent door


Message History

The deep elf archer shouts!
The +1 vorpal mace hits you but does no damage.
The deep elf knight hits you with a +3 long sword.
The deep elf archer unwields a +0 short sword.
The deep elf archer wields a +0 shortbow.
The deep elf archer shoots an arrow.
The arrow hits you!!
A deep elf zephyrmancer comes into view.
It is wielding a +0 long sword.
The deep elf knight gestures wildly while chanting.
The deep elf knight flickers and vanishes!
Deactivating autopickup; reactivate with Ctrl-A.
The +1 vorpal mace hits you but does no damage.
You miss something.
You hit the +1 vorpal mace but do no damage.
Something hits you but does no damage. You block the +1 vorpal mace's attack.
The deep elf archer shoots an arrow.
The arrow closely misses you.
You slash something! You slash the +1 vorpal mace!
Arkwar hits the +1 vorpal mace from afar with a +0 glaive!
The +1 vorpal mace hits you but does no damage.
You slash something! You hit the +1 vorpal mace. Something hits you.
The deep elf archer shoots an arrow.
The arrow hits you! The +1 vorpal mace hits you!
Arkwar closely misses the +1 vorpal mace.
You miss the +1 vorpal mace.
The +1 vorpal mace is severely damaged.
You barely miss something. The +1 vorpal mace hits you.
Something hits you but does no damage.
The deep elf archer shoots an arrow.
The arrow hits you!!
You miss the +1 vorpal mace.
The +1 vorpal mace is severely damaged.
You slash something! The +1 vorpal mace hits you.
Arkwar hits the +1 vorpal mace from afar with a +0 glaive!
The +1 vorpal mace falls from the air.
Beogh accepts your kill. Something hits you!
* * * LOW HITPOINT WARNING * * *
The deep elf archer shoots an arrow.
The arrow hits you!!
* * * LOW HITPOINT WARNING * * *
The deep elf zephyrmancer points at you and mumbles some strange words.
The bolt of lightning hits you!!
You die...

#. ...... #.##
.(... ###'##
....
##...e.#e..
'.......##
.........#
.........####
......{..'..+
.......@.####
.......o.#
#.......##
'#.?...#4##
########'#####
#4o...#
##.4...##
#.......#
#.......#


You could see a deep elf archer (repels missiles), a deep elf zephyrmancer, the
friendly Arkwar the orc knight and a friendly ice devil (summoned).

Vanquished Creatures
  A deep elf sorcerer (Elf:1)
  A hydra (D:11)
  A two-headed ogre (D:10)
  A sun demon (Orc:2)
  Pikel (D:9)
  An orc knight (Orc:2)
  2 orc sorcerers (Orc:2)
  A deep elf pyromancer (Elf:1)
  A deep elf zephyrmancer (Elf:1)
  Joseph (D:7)
  Maggie (D:8)
  Psyche (D:11)
  An ice devil (Orc:2)
  A polar bear (D:11)
  3 trolls
  A water elemental (D:11)
  2 centaur simulacra (D:11)
  A shadow (D:11)
  2 wyverns
  15 yaks
  Grum (D:10)
  3 basilisks (D:11)
  6 steam dragons
  3 vampire mosquitoes (D:11)
  2 wargs
  An acid dragon (D:11)
  4 water moccasins
  2 black bears
  4 sky beasts
  5 ice beasts
  10 orc warriors
  2 ogres
  4 wolves
  A phantom (D:4)
  4 centaurs
  2 lemures (D:9)
  Blork the orc (D:6)
  A kobold brigand (D:9)
  2 gnoll sergeants
  A necrophage (D:5)
  3 bullfrogs
  3 scorpions
  12 killer bees
  9 howler monkeys
  An electric eel (D:11)
  A crimson imp (D:4)
  4 hounds
  A lava snake (D:7)
  A jelly (D:5)
  4 orc priests
  Crazy Yiuf (D:6)
  6 iguanas
  Natasha (twice) (D:3)
  7 orc wizards
  7 gnolls
  4 adders
  A shadow imp (D:7)
  3 white imps
  2 ufetubi (D:5)
  3 worms
  2 dart slugs
  36 orcs
  6 endoplasms
  5 giant cockroaches
  9 goblins
  10 hobgoblins
  3 jackals (D:4)
  4 kobolds
  7 quokkas
  4 ball pythons
  3 bats
  4 frilled lizards
  6 rats
  A spectral goblin (D:1)
273 creatures vanquished.

Vanquished Creatures (collateral kills)
  A deep elf sorcerer (Elf:1)
  3 demonspawn (Orc:2)
  A dancing weapon (Elf:1)
  2 orc high priests (Orc:2)
  3 orc knights (Orc:2)
  2 deep elf zephyrmancers (Elf:1)
  6 orc sorcerers (Orc:2)
  A cyclops (Orc:2)
  A rust devil (Orc:2)
  A troll (Orc:2)
  A wyvern (D:11)
  A centaur simulacrum (D:11)
  A chaos spawn (Orc:2)
  2 wargs (Orc:2)
  A water moccasin (D:11)
  8 orc warriors
  2 ice beasts (D:11)
  3 ogres (Orc:2)
  An earth elemental (Elf:1)
  8 orc priests
  An orc wizard (Orc:2)
  2 white imps (D:11)
  An ufetubus (D:11)
  9 orcs
62 creatures vanquished.

Vanquished Creatures (others)
  An orc high priest (Orc:2)
  2 orc knights
  9 orc warriors
  7 orc priests (Orc:2)
  A scorpion (D:3)
  Natasha (D:3)
  An orc wizard (Orc:2)
  An adder (D:3)
  27 orcs
  A hobgoblin (D:3)
  A rat (D:3)
  A bush (D:11)
  4 fungi (D:11)
  18 plants (D:11)
75 creatures vanquished.

Grand Total: 410 creatures vanquished

Notes
Turn   | Place    | Note
-------+----------+-------------------------------------------
     0 | D:1      | Rigoremortis the Hill Orc Fighter began the quest for the
                  | Orb.
     0 | D:1      | Reached XP level 1. HP: 19/19 MP: 1/1
   414 | D:1      | Reached XP level 2. HP: 27/27 MP: 2/2
   466 | D:1      | Found a faded altar of an unknown god.
   694 | D:1      | Reached skill level 3 in Axes
   783 | D:1      | Reached XP level 3. HP: 33/33 MP: 3/3
  1786 | D:2      | Found Noumuorr's Jewellery Boutique.
  1981 | D:3      | Became a worshipper of Beogh the Brigand
  2155 | D:3      | Reached XP level 4. HP: 37/40 MP: 4/4
  2279 | D:3      | Noticed Natasha
  2289 | D:3      | Reached skill level 4 in Axes
  2293 | D:3      | Killed Natasha
  2353 | D:3      | Killed a scorpion
  2398 | D:3      | Found an iron altar of Okawaru.
  2590 | D:3      | Killed Natasha
  2597 | D:3      | Noticed Natasha
  2609 | D:3      | Killed Natasha
  2610 | D:3      | Reached XP level 5. HP: 32/46 MP: 5/5
  2714 | D:3      | Reached skill level 5 in Axes
  2813 | D:3      | Found a snail-covered altar of Cheibriados.
  2865 | D:4      | Found a staircase to the Ecumenical Temple.
  3052 | D:4      | Reached * piety under Beogh
  3097 | D:4      | Found a broken altar of Ashenzari.
  3110 | D:4      | Noticed a phantom
  3127 | D:4      | Killed a phantom
  3128 | D:4      | Reached skill level 6 in Axes
  3128 | D:4      | Reached XP level 6. HP: 48/53 MP: 6/6
  3573 | D:4      | Reached skill level 7 in Axes
  3622 | D:4      | Reached XP level 7. HP: 41/60 MP: 7/7
  3732 | D:4      | Found a bloodstained altar of Trog.
  3868 | D:4      | Found a basalt altar of Yredelemnul.
  3937 | D:5      | Entered Level 5 of the Dungeon
  3941 | D:5      | Reached skill level 5 in Fighting
  4024 | D:5      | Reached skill level 8 in Axes
  4290 | D:5      | Found a shadowy altar of Dithmenos.
  4342 | D:5      | Reached skill level 5 in Armour
  4357 | D:5      | HP: 1/61 [gnoll/+0 whip[a gnoll sergeant] (4)]
  4842 | D:5      | Reached skill level 9 in Axes
  4842 | D:5      | Reached XP level 8. HP: 40/68 MP: 8/8
  5131 | D:5      | Reached ** piety under Beogh
  5327 | D:5      | Reached skill level 1 in Dodging
  5667 | D:6      | Noticed Blork the orc
  5671 | D:6      | Killed Blork the orc
  5711 | D:6      | Found a hide-covered altar of Uskayaw.
  5772 | D:6      | Found a sand-covered staircase.
  5958 | D:6      | Identified the +9 hand axe "Asuxiw" {venom, Str+4}
  5995 | D:6      | Found a burning altar of Makhleb.
  6097 | D:6      | Reached skill level 10 in Axes
  6101 | D:6      | Identified the +1 ring mail of Divine Compulsion {*Slow
                  | rPois rC++ Will+}
  6171 | D:6      | Found a runed translucent door.
  6172 | D:6      | Noticed Crazy Yiuf
  6264 | D:6      | Killed Crazy Yiuf
  6428 | D:7      | Reached XP level 9. HP: 73/79 MP: 9/9
  6825 | D:7      | Noticed Joseph
  6838 | D:7      | Killed Joseph
  6839 | D:7      | Reached skill level 11 in Axes
  7003 | D:7      | Found an ancient bone altar of Kikubaaqudgha.
  7255 | D:7      | Identified the +3 trident of Ateir {freeze, rC+ Will+
                  | Int+4}
  7489 | D:7      | Reached skill level 5 in Shields
  7812 | D:8      | Reached skill level 12 in Axes
  7872 | D:8      | Found an ornate altar of the Wu Jian Council.
  7917 | D:8      | Noticed Maggie
  7932 | D:8      | Reached XP level 10. HP: 32/88 MP: 10/10
  7936 | D:8      | HP: 3/88 [Maggie/+1 broad axe of electrocution (15)]
  7943 | D:8      | Killed Maggie
  8751 | D:8      | Found a shimmering blue altar of Sif Muna.
  9217 | D:9      | Noticed Pikel
  9229 | D:9      | Reached skill level 13 in Axes
  9237 | D:9      | Killed Pikel
  9361 | D:9      | Identified the ring of Qoidoush {rF+ rCorr}
  9472 | D:9      | Reached *** piety under Beogh
  9713 | D:9      | Found Buem's Jewellery Emporium.
  9949 | D:9      | Reached skill level 10 in Armour
  9959 | D:9      | Reached skill level 1 in Stealth
 10281 | D:9      | Found a sparkling altar of Nemelex Xobeh.
 10423 | D:10     | Entered Level 10 of the Dungeon
 10431 | D:10     | Reached skill level 14 in Axes
 10431 | D:10     | Reached XP level 11. HP: 95/95 MP: 11/11
 10482 | D:10     | Noticed a two-headed ogre
 10490 | D:10     | Found a hazy altar of Hepliaklqana.
 10508 | D:10     | Killed a two-headed ogre
 10603 | D:10     | Found an opulent altar of Gozag.
 10949 | D:10     | Noticed Grum
 10960 | D:10     | Killed Grum
 12004 | D:11     | Reached **** piety under Beogh
 12132 | D:11     | Noticed Psyche
 12142 | D:11     | Killed Psyche
 12207 | D:11     | Gained Ognian as an ally
 12215 | D:11     | Reached skill level 15 in Axes
 12221 | D:11     | Your ally Ognian died
 12228 | D:11     | Reached skill level 10 in Fighting
 12559 | D:11     | Found a staircase to the Lair.
 12984 | D:11     | Found a staircase to the Orcish Mines.
 12984 | D:11     | Noticed a six-headed hydra
 13000 | D:11     | Killed a 12-headed hydra
 13001 | D:11     | Reached XP level 12. HP: 33/108 MP: 2/12
 13272 | Orc:1    | Entered Level 1 of the Orcish Mines
 13286 | Orc:1    | Gained Marbaugh as an ally
 13730 | Orc:2    | Entered Level 2 of the Orcish Mines
 13899 | Orc:2    | Found Ykun Pic's Distillery.
 13900 | Orc:2    | Found Omuwaxt's General Store.
 14105 | Orc:2    | Reached skill level 1 in Invocations
 14105 | Orc:2    | Noticed a sun demon
 14113 | Orc:2    | Killed a sun demon
 14118 | Orc:2    | Noticed a soul eater
 14119 | Orc:2    | Found a dark tunnel.
 14489 | Orc:2    | Reached skill level 16 in Axes
 14498 | Orc:2    | Noticed a sun demon
 14530 | Orc:2    | Noticed an orc high priest
 14532 | Orc:2    | Noticed a demonspawn
 14535 | Orc:2    | Noticed a sun demon
 14538 | Orc:2    | Your ally Marbaugh died
 14538 | Orc:2    | Killed a demonspawn
 14552 | Orc:2    | Noticed an orc high priest
 14559 | Orc:2    | Noticed a sun demon
 14567 | Orc:2    | Killed an orc high priest
 14641 | Orc:2    | Noticed an orc high priest
 14648 | Orc:2    | Killed an orc high priest
 14648 | Orc:2    | Gained Arkwar as an ally
 14652 | Orc:2    | Noticed a demonspawn
 14656 | Orc:2    | Killed a demonspawn
 14669 | Orc:2    | Found Mazxou Ucront's Book Shoppe.
 14669 | Orc:2    | Found Gekkeil's Antique Weapon Emporium.
 14670 | Orc:2    | Found a one-way gate leading to the halls of Pandemonium.
 14671 | Orc:2    | Noticed a demonspawn
 14680 | Orc:2    | Killed a demonspawn
 15151 | Orc:2    | Found a staircase to the Elven Halls.
 15593 | Elf:1    | Entered Level 1 of the Elven Halls
 15593 | Elf:1    | Noticed a deep elf sorcerer
 15593 | Elf:1    | Noticed a deep elf sorcerer
 15593 | Elf:1    | Found a runed translucent gate.
 15593 | Elf:1    | Found a runed translucent gate.
 15593 | Elf:1    | Found a runed translucent gate.
 15593 | Elf:1    | Found a runed translucent gate.
 15593 | Elf:1    | Found a runed translucent gate.
 15593 | Elf:1    | Found a runed translucent gate.
 15594 | Elf:1    | Found a runed translucent door.
 15600 | Elf:1    | Killed a deep elf sorcerer
 15601 | Elf:1    | Killed a deep elf sorcerer
 15681 | Elf:1    | Found a runed translucent door.
 15691 | Elf:1    | Reached XP level 13. HP: 58/117 MP: 14/14
 15694 | Elf:1    | Reached ***** piety under Beogh
 15940 | Elf:1    | Killed from afar by a deep elf zephyrmancer

Illustrated notes

Levels and vault maps discovered:
D:1:      dpeg_arrival_tiny_g, layout_loops_ring,
          dreamdust_ecumenical_altar_drowned_temple
D:2:      layout_loops_cross, serial_shops, shop_statue
D:3:      layout_loops_ring, cheibriados_altar_1, lemuel_doored_altar,
          chequers_serial_rivers_small_a, uniq_natasha
D:4:      layout_loops_ring, mainiacjoe_overflow_alcove_2, kennysheep_mini,
          mainiacjoe_overflow_paths, temple_statues, st_stairs_4,
          serial_park_tiny_1, minmay_fire_ice_demons
D:5:      layout_basic, nicolae_overflow_crystal_walls
D:6:      layout_cave_pools, makhleb_heckhound_becter,
          mainiacjoe_overflow_small_starburst,
          lightli_ossuary_entry_decrepit_ruins, uniq_crazy_yiuf_cottage,
          uniq_blork_the_orc
D:7:      layout_gridville, mainiacjoe_overflow_six_doors_small, abandoned_shop,
          kennysheep_small_spiral, uniq_joseph
D:8:      layout_cave_pods, lemuel_blue_sif_altar, old_standard_altar,
          corexii_hall_statues_l, uniq_maggie
D:9:      layout_rooms, nemelex_diamond_rough_becter, serial_shops, shop,
          kennysheep_dice, uniq_pikel
D:10:     layout_roguey, mainiacjoe_overflow_two_lobes, uniq_grum
D:11:     layout_loops_cross, minmay_lair_entry_grove, hiddenorc1_lemuel,
          serial_ice, serial_ice_j, serial_ice_h, serial_ice_n, serial_ice_e,
          serial_ice_o, serial_ice_g, serial_ice_a, serial_ice_f, serial_ice_m,
          serial_ice_d, uniq_psyche
Orc:1:    layout_caves
Orc:2:    pf_orc_diabolical, layout_caves, nicolae_volcano_entry_two_sided,
          nicolae_orc_flooded_monolith
Elf:1:    nicolae_elf_arrival_dilemma, layout_geoelf_octagon, evilmike_minifort

Skill      XL: |  1  2  3  4  5  6  7  8  9 10 11 12 13 |
---------------+----------------------------------------+-----
Axes           | 3 4 6 7 9 10 12 14 15 16 | 16.8
Armour         | 4 5 6 8 10 12 13 | 13.6
Fighting       | 4 5 7 8 10 11 12 | 12.0
Shields        | 4 5 6 8 |  8.1
Dodging        | 1 2 |  2.0
Stealth        | 1 |  1.9
Invocations    | 2 |  2.2

Action                   |  1- 3 |  4- 6 |  7- 9 | 10-12 | 13-15 || total
-------------------------+-------+-------+-------+-------+-------++-------
Melee: War axe           |   123 |   150 |   145 |       |       ||   418
       Hand axe          |       |       |    88 |   394 |     8 ||   490
Invok: Convert to Beogh  |     1 |       |       |       |       ||     1
       Smiting           |       |       |       |     3 |       ||     3
       Recall Orcish Fol |       |       |       |     3 |       ||     3
  Use: Scroll            |       |     4 |       |    12 |       ||    16
       Potion            |       |     3 |       |     1 |       ||     4
Armor: Scale mail        |    57 |       |       |       |       ||    57
       Plate armour      |     4 |   110 |   159 |   275 |     7 ||   555
Dodge: Dodged            |    54 |    53 |    63 |   143 |     3 ||   316
Block: Buckler           |    31 |    31 |    54 |    74 |     1 ||   191
